 Dungeon Crawl Stone Soup version 0.30.1-11-g7821555f0a (webtiles) character file.

Game seed: 15127192303731641097

109 lonewolfV2 the Trooper (level 5, -4/46 HPs)
             Began as a Formicid Fighter on Nov 14, 2023.
             Slain by a black bear (8 damage)
             ... on level 4 of the Dungeon.
             The game lasted 00:04:35 (2542 turns).

lonewolfV2 the Trooper (Formicid Fighter)           Turns: 2542, Time: 00:04:35

Health: -4/46      AC:  8    Str: 23    XL:     5   Next: 13%
Magic:  5/5        EV:  8    Int:  7    God:
Gold:   157        SH:  9    Dex: 13    Spells: 4/4 levels left

rFire   . . .        a - +0 war axe
rCold   . . .        k - +0 kite shield
rNeg    . . .        b - +0 scale mail
rPois   .            (helmet unavailable)
rElec   .            i - +0 cloak
rCorr   .            (no gloves)
SInv    +            (no boots)
Will    .....        (no amulet) Stlth
                     l - ring of flight
HPRegen 0.27/turn    (no ring)
MPRegen 0.09/turn

%: no passive effects
@: flying
A: permanent stasis, dig shafts and tunnels, antennae 3, four strong arms
a: Dig, Shaft Self


You were on level 4 of the Dungeon.
You visited 1 branch of the dungeon, and saw 4 of its levels.

You collected 213 gold pieces.
You spent 54 gold pieces at shops.
You donated 2 gold pieces to Zin.

Inventory:

Hand Weapons
 a - a +0 war axe (weapon)
Armour
 b - a +0 scale mail (worn)
 i - a +0 cloak (worn)
 k - a +0 kite shield (worn)
Jewellery
 l - a ring of flight (left hand)
Wands
 m - a wand of paralysis (5)
Scrolls
 c - 5 scrolls of teleportation
 o - a scroll of noise
Potions
 d - a potion of attraction {unknown}
 e - 2 potions of haste
 f - a potion of flight
 g - a potion of lignification
 h - a potion of resistance {unknown}
 j - 2 potions of curing {unknown}
 n - 3 potions of magic


   Skills:
 * Level 6.0 Fighting
 - Level 2.0 Axes
 - Level 3.2 Armour
 - Level 4.0 Shields


You had 4 spell levels left.
You didn't know any spells.
Your spell library contained the following spells:

 Spells                   Type           Power      Damage    Failure   Level
 Apportation              Tloc           0%         N/A       94%         1
 Beastly Appendage        Tmut           0%         N/A       94%         1
 Necrotise                Necr           0%         1d4       94%         1
 Summon Small Mammal      Summ           0%         N/A       94%         1
 Wereblood                Tmut           0%         N/A       98%         2
 Frozen Ramparts          Ice            0%         1d1       100%        3
 Spider Form              Tmut/Pois      0%         N/A       100%        3
 Vampiric Draining        Necr           0%         2d6       100%        3
 Ice Form                 Ice/Tmut       0%         N/A       100%        4
 Summon Ice Beast         Ice/Summ       0%         N/A       100%        4
 Agony                    Necr           0%         N/A       100%        5


Dungeon Overview and Level Annotations

Branches:
Dungeon (4/15)
 Temple: D:4-7

Altars:
Elyvilon
Makhleb
Wu Jian
Yredelemnul
Zin

Shops:
D:2 [


Innate Abilities, Weirdness & Mutations

You cannot be hasted, slowed, berserked, paralysed or teleported.
You can dig through walls and to a lower floor.
You have a pair of large antennae on your head. (SInv)
Your four strong arms can wield two-handed weapons with a shield.


Message History

You block the black bear's attack. The black bear closely misses you.
You hit the black bear but do no damage.
The black bear is severely wounded.
The black bear bites you. The black bear barely misses you. x2
The black bear bites you. The black bear claws you.
The black bear barely misses you.
You closely miss the black bear.
The black bear is severely wounded.
The black bear closely misses you. The black bear barely misses you.
You block the black bear's attack. The black bear bites you!
* * * LOW HITPOINT WARNING * * *
The black bear claws you.
* * * LOW HITPOINT WARNING * * *
You block the black bear's attack.
You barely miss the black bear.
The black bear is severely wounded.
You block the black bear's attack.
The black bear claws you but does no damage.
You block the black bear's attack. The black bear barely misses you. x3
You barely miss the black bear.
The black bear is severely wounded.
The black bear barely misses you.
The black bear claws you but does no damage. x2
The black bear bites you.
* * * LOW HITPOINT WARNING * * *
The black bear closely misses you. You block the black bear's attack.
The black bear completely misses you.
The black bear claws you but does no damage.
The black bear claws you.
* * * LOW HITPOINT WARNING * * *
Aiming: Paralyse
Press: ? - help, Q - select action, (/) - cycle Shift-Dir - straight line, f - black bear
Aim: a black bear (severely wounded, berserk, chance to affect: 49%)
The black bear resists with some effort.
The black bear closely misses you.
The black bear claws you but does no damage. x2
You hit the black bear but do no damage.
The black bear is severely wounded.
The black bear bites you!
You die...

##'## #.#
#.#########
##.#........
######....###....
.>........###.# .
####..........#
####.#.#####
#@#..#####.##
#h#.........#
#...#######.#
#..## #..# #..# {
#..# ...# #^..#


You could see a black bear (berserk).

Vanquished Creatures
  Robin (D:2)
  3 adders
  A dart slug (D:1)
  An orc (D:3)
  6 bats
  5 endoplasms
  2 giant cockroaches
  14 goblins
  9 hobgoblins
  3 jackals (D:3)
  A quokka (D:3)
  6 ball pythons
  4 frilled lizards
  2 kobolds
  4 rats
62 creatures vanquished.

Notes
Turn   | Place    | Note
-------+----------+-------------------------------------------
     0 | D:1      | lonewolfV2 the Formicid Fighter began the quest for the
                  | Orb.
     0 | D:1      | Reached XP level 1. HP: 18/18 MP: 1/1
   172 | D:1      | Reached XP level 2. HP: 22/25 MP: 2/2
   191 | D:1      | Found a faded altar of an unknown god.
   244 | D:1      | Reached skill level 4 in Fighting
   263 | D:1      | Prayed at the altar of an unknown god.
   263 | D:1      | Became a worshipper of Zin the Law-Giver
   263 | D:1      | Reached * piety under Zin
   265 | D:1      | Fell from the grace of Zin
   807 | D:2      | Reached XP level 3. HP: 31/31 MP: 3/3
   825 | D:2      | Noticed Robin
   843 | D:2      | Reached skill level 5 in Fighting
   846 | D:2      | HP: 1/33 [Robin/+0 short sword (2)]
   847 | D:2      | Killed Robin
   848 | D:2      | Reached XP level 4. HP: 1/39 MP: 4/4
  1040 | D:2      | Found Genim's Armour Emporium.
  1075 | D:2      | Bought a +0 kite shield for 54 gold pieces
  1752 | D:3      | Found a white marble altar of Elyvilon.
  1755 | D:3      | Reached XP level 5. HP: 46/46 MP: 5/5
  1949 | D:3      | Found a basalt altar of Yredelemnul.
  2282 | D:3      | Found an ornate altar of the Wu Jian Council.
  2417 | D:3      | Found a burning altar of Makhleb.
  2417 | D:3      | Noticed an Executioner
  2420 | D:3      | Noticed a smoke demon
  2420 | D:3      | Noticed a neqoxec
  2459 | D:3      | Reached skill level 6 in Fighting
  2522 | D:4      | Noticed a black bear
  2542 | D:4      | Slain by a black bear

Illustrated notes

Levels and vault maps discovered:
D:1:      lightli_arrival_statuegarden, layout_loops_cross,
          ebering_ecumenical_altar_petrified,
          wander_ebering_terrifying_dragon_lair
D:2:      layout_rooms, serial_shops, nicolae_shop_tiny_glass,
          minmay_misc_feat_diagonals, minmay_pentomino_o4, uniq_robin
D:3:      layout_basic, kennysheep_ying_yang, mainiacjoe_overflow_alcove_2,
          makhleb_altar_promises_db, chequers_serial_rivers_small_a,
          grunt_decor_cap
D:4:      layout_loops_corners, chei_slow_surprise, brannock_xom_greatest_gift,
          minmay_temple_entry_large_hall, uniq_menkaure,
          uniq_crazy_yiuf_cottage, uniq_blork_the_orc

Skill      XL: |  1  2  3  4  5 |
---------------+----------------+-----
Fighting       | 4 5 6 |  6.0
Axes           | |  2.0
Armour         | |  3.2
Shields        | |  4.0

Action                     |  1- 3 |  4- 6 || total
---------------------------+-------+-------++-------
  Melee: War axe           |    75 |    68 ||   143
 Invoke: Renounce Religion |     1 |       ||     1
  Evoke: Wand              |       |     1 ||     1
    Use: Scroll            |     2 |     7 ||     9
         Potion            |     1 |       ||     1
 Armour: Scale mail        |    62 |    51 ||   113
  Dodge: Dodged            |    66 |    49 ||   115
  Block: Buckler           |    19 |     4 ||    23
         Kite shield       |       |    39 ||    39
